 Dungeon Crawl Stone Soup version 0.31-a0-983-g7b6862f502 (webtiles) character file.

Game seed: 5683830725887354829

77 lunkers the Insei (level 3, 0/27 HPs)
             Began as a Demigod Shapeshifter on Nov 2, 2023.
             Slain by an orc
             ... wielding a +0 falchion
              (7 damage)
             ... on level 3 of the Dungeon.
             The game lasted 00:02:21 (967 turns).

lunkers the Insei (Demigod Shapeshifter)             Turns: 967, Time: 00:02:22

Health: 0/27       AC:  2    Str: 15    XL:     3   Next: 92%
Magic:  5/5        EV: 12    Int: 12    God:
Gold:   75         SH:  0    Dex: 17    Spells: 2/2 levels left

rFire   . .          .
                       - Unarmed
rCold   . . .        (no shield)
rNeg    . . .        a - +0 animal skin
rPois   .            (helmet currently unavailable)
rElec   .            (cloak currently unavailable)
rCorr   .            (gloves currently unavailable)
SInv    .            (boots currently unavailable)
Will    .....        (no amulet)
Stlth   ++           (no ring)
HPRegen 0.24/turn    (no ring)
MPRegen 0.09/turn

%: no passive effects
@: beast-form
A: beast (slay +1), high MP 1, forlorn, divine attributes
a: Begin Untransformation


You were on level 3 of the Dungeon.
You were a hulking beast.
You visited 1 branch of the dungeon, and saw 3 of its levels.

You collected 75 gold pieces.

Inventory:

Armour
 a - a +0 animal skin (worn)
Jewellery
 l - a ring of fire
Talismans
 c - a beast talisman
 d - a flux talisman
Scrolls
 f - a scroll of vulnerability {unknown}
 j - 2 scrolls of noise {unknown}
 k - a scroll of identify
Potions
 b - a potion of lignification
 e - a potion of berserk rage
 g - a potion of brilliance
 h - a potion of curing {unknown}
 i - 2 potions of might {unknown}


   Skills:
 - Level 0.8 Fighting
 - Level 1.7 Dodging
 * Level 4.0 Unarmed Combat
 + Level 3.3 Shapeshifting


You had 2 spell levels left.
You didn't know any spells.
Your spell library contained the following spells:

 Spells                   Type           Power      Damage    Failure   Level
 Slow                     Hex            0%         N/A       32%         1
 Confusing Touch          Hex            0%         N/A       69%         3
 Ozocubu's Armour         Ice            0%         N/A       69%         3
 Sigil of Binding         Hex            0%         N/A       69%         3
 Vampiric Draining        Necr           0%         2d6       69%         3
 Ozocubu's Refrigeration  Ice            0%         4d7       100%        7


Dungeon Overview and Level Annotations

Branches:
Dungeon (3/15)


Innate Abilities, Weirdness & Mutations

You are a hulking beast.
Your limbs bulge with bestial killing power. (Slay +1)
You have an increased reservoir of magic. (+10% MP)
You shall have no god before yourself.
Your divine heritage dramatically boosts your attributes as you level up.


Message History

You hit the worm but do no damage.
The worm is almost dead.
You hit the worm.
You kill the worm!
You hit the endoplasm.
The endoplasm is heavily wounded.
The endoplasm closely misses you.
You punch the endoplasm!
You kill the endoplasm!
No target in view!
No target in view!
No target in view!
HP restored.
An orc comes into view. It is wielding a +0 club.
An orc comes into view. It is wielding a +0 falchion.
The orc shouts! x2
There are monsters nearby!
An orc priest comes into view. It is wielding a +0 short sword.
Found 15 gold pieces.
The orc priest shouts!
There are monsters nearby!
Found 4 stones.
The orc priest looks encouraged for a moment.
The orc priest invokes the aid of Beogh against you.
Beogh smites you!
* * * LOW HITPOINT WARNING * * *
You hit the orc.
The orc is almost dead.
The orc hits you with a +0 falchion!
* * * LOW HITPOINT WARNING * * *
The orc closely misses you.
You barely miss the orc.
The orc is almost dead.
The orc barely misses you.
A kobold comes into view.
It is wielding a +0 short sword and quivering poisoned darts.
The orc misses you.
You completely miss the orc.
The orc is almost dead.
The orc hits you with a +0 falchion!
You die...

#.# #.# ...........K...
#.# #.$.............
####.# #...............
#....# ##...............
..<..# .................
.....####..)......o.....
.................o.....(
................ho......
.....####(..............
.###....................
. #.####...............
####.#..................
........................
####.####...............
#.........###########
###########


You could see an orc priest, 2 orcs and a kobold (wandering).

Vanquished Creatures
  Jessica (D:2)
  An adder (D:2)
  A worm (D:3)
  A dart slug (D:2)
  4 bats
  6 endoplasms
  4 goblins
  A hobgoblin (D:2)
  2 jackals (D:1)
  2 kobolds (D:1)
  4 ball pythons
  3 frilled lizards
  6 rats
36 creatures vanquished.

Notes
Turn   | Place    | Note
-------+----------+-------------------------------------------
     0 | D:1      | lunkers the Demigod Shapeshifter began the quest for the
                  | Orb.
     0 | D:1      | Reached XP level 1. HP: 15/15 MP: 3/3
   167 | D:1      | Reached skill level 3 in Unarmed Combat
   304 | D:1      | Reached XP level 2. HP: 19/22 MP: 4/4
   457 | D:2      | Noticed Jessica
   467 | D:2      | Killed Jessica
   468 | D:2      | Reached XP level 3. HP: 15/27 MP: 5/5
   760 | D:2      | Reached skill level 4 in Unarmed Combat
   967 | D:3      | Slain by an orc

Illustrated notes

Levels and vault maps discovered:
D:1:      lightli_arrival_chessboard, layout_rooms, minmay_misc_feat_ornament
D:2:      layout_loops_ring, basic_altar, uniq_jessica
D:3:      layout_basic

Skill      XL: |  1  2  3 |
---------------+----------+-----
Unarmed Combat | 3 4 |  4.0
Shapeshifting  | 3 |  3.3
Fighting       | |  0.8
Dodging        | |  1.7

Action                     || total
---------------------------++-------
  Melee: Unarmed           ||    94
         Punch             ||     1
    Use: Scroll            ||     3
   Stab: Sleeping          ||     1
 Armour: Animal skin       ||    40
  Dodge: Dodged            ||    58

Table legend: (Time is in decaauts)
 A = Elapsed time spent in this place.
 B = Non-inter-level travel time spent in this place.
 C = Inter-level travel time spent in this place.
 D = Time resting spent in this place.
 E = Time spent auto-exploring this place.
 F = Levels seen in this place.
 G = Mean time per level.
                   A        B        C        D        E       F      G
               +--------+--------+--------+--------+--------+-----+--------+
         Total |    966 |    951 |     15 |      0 |    689 |   3 |  322.0 |
       Dungeon |    966 |    951 |     15 |      0 |    689 |   3 |  322.0 |
               +--------+--------+--------+--------+--------+-----+--------+

Top non-repeatable levels by time:
     D:2: 540 daAuts
     D:1: 384 daAuts
     D:3: 42 daAuts
